 Dungeon Crawl Stone Soup version bcrawl-1.32 (webtiles) character file.

Game seed: 6675094005824103541

424343 Morbidden the Thaumaturge (level 12, -7/79 HPs)
             Began as a Fairy Archaeologist on July 2, 2021.
             Was a High Priest of Vehumet.
             Mangled by Jorgrun
             ... wielding a +0 quarterstaff of crushing
              (13 damage)
             ... on level 11 of the Dungeon.
             The game lasted 00:25:25 (10927 turns).

Morbidden the Thaumaturge (Fairy Archaeologist)    Turns: 10927, Time: 00:25:25

Health: -7/79      AC: 14    Str:  9    XL:     12   Next: 32%
Magic:  11/39      EV: 18    Int: 25    God:    Vehumet [*****.]
Gold:   687        SH: 17    Dex: 12    Spells: 17/35 levels left

rFire    . . .     SeeInvis .   a - +3 scimitar
rCold    + + .     Gourm    .   j - +2 buckler
rNeg     . . .     Faith    .   (armour unavailable)
rPois    +         Spirit   .   c - +2 hat
rElec    .         Reflect  .   n - +2 cloak
rCorr    .         Harm     .   (no gloves)
MR       +....                  d - +1 pair of boots
Stlth    +.........             H - amulet of magic regeneration
HPRegen  0.23/turn              x - ring of magical power
MPRegen  0.51/turn              w - ring of Daokol {rPois rC++ Int+3}

@: grasped by roots, flying evasively, very slightly contaminated, constricted,
studying Stealth
A: small, magic attunement, unstealthy, unfitting armour, able to fly, AC/SH +7
a: Stop Flying, Renounce Religion


You were on level 11 of the Dungeon.
You worshipped Vehumet.
Vehumet was extremely pleased with you.
You were hungry.

You visited 1 branch of the dungeon, and saw 11 of its levels.

You collected 687 gold pieces.

Inventory:

Hand Weapons
 a - a +3 scimitar (weapon)
 b - a +0 blowgun
 g - a +1 spear of venom
 p - a +0 dagger
Missiles
 h - 6 curare-tipped needles
 m - 227 poisoned needles
 E - a throwing net {=f}
Armour
 c - a +2 hat (worn)
 d - a +1 pair of boots (worn)
 j - a +2 buckler (worn)
 n - a +2 cloak (worn)
Magical Staves
 v - an uncursed staff of power
 N - an uncursed staff of conjuration
Jewellery
 w - the ring of Daokol (right hand) {rPois rC++ Int+3}
   (You acquired it on level 6 of the Dungeon)

   [ring of poison resistance]

   It affects your intelligence (+3).
   It greatly protects you from cold.
   It protects you from poison.
 x - a ring of magical power (left hand)
 H - an amulet of magic regeneration (around neck)
 L - a +5 ring of slaying
 O - an uncursed ring of stealth {unknown}
Wands
 J - a wand of flame (40)
 M - a wand of acid (5)
Scrolls
 f - 3 scrolls of remove curse
 i - 5 scrolls of identify
 t - 2 scrolls of magic mapping
 y - a scroll of torment {unknown}
 A - a scroll of amnesia
 B - 2 scrolls of enchant armour
 C - a scroll of enchant weapon {unknown}
 D - 2 scrolls of immolation {unknown}
 F - 3 scrolls of teleportation {unknown}
 G - a scroll of brand weapon {unknown}
 K - a scroll of blinking {unknown}
 P - a scroll of summoning {unknown}
Potions
 k - 2 potions of curing {unknown}
 l - a potion of mutation {unknown}
 o - a potion of brilliance {unknown}
 q - a potion of resistance {unknown}
 r - a potion of lignification {unknown}
 s - 2 potions of ambrosia
 z - 2 potions of agility {unknown}
 I - a potion of invisibility {unknown}
 Q - a potion of cancellation {unknown}
 R - 2 potions of haste {unknown}
Comestibles
 e - 16 rations {!d}


   Skills:
 * Level 6.2 Fighting
 + Level 1.1(2.3) Short Blades
 + Level 2.7(2.8) Long Blades
   Level 1.2(1.8) Maces & Flails
 + Level 2.5(2.9) Polearms
 + Level 2.0(3.0) Staves
 * Level 10.9 Dodging
 + Level 3.7 Stealth
 + Level 7.2 Shields
 * Level 12.0 Spellcasting
 * Level 10.6 Conjurations
 * Level 4.9 Fire Magic
 + Level 0.6 Earth Magic


You had 17 spell levels left.
You knew the following spells:

 Your Spells              Type           Power        Failure   Level  Hunger
a - Fireball              Conj/Fire      ######....   2%          5    None
b - Searing Ray           Conj           ######..     1%          2    None
c - Sticky Flame          Conj/Fire      ######..     1%          4    None
d - Magic Dart            Conj           ####         1%          1    None
e - Stone Arrow           Conj/Erth      #####.       1%          3    None
f - Iskenderun's Mystic   Conj           ######..     1%          3    None

Your spell library contained the following spells:

 Spells                   Type           Power        Failure   Level  Hunger
 Throw Icicle             Conj/Ice       #####...     2%          4    None
 Sandblast                Erth           ###...       1%          1    None
 Fulminant Prism          Conj/Hex       #####.....   2%          4    None
 Dazzling Orbs            Conj/Hex       #####..      3%          3    None
 Irradiate                Conj/Tmut      #####.....   7%          5    None
 Passwall                 Tmut/Erth      ###.....     12%         2    None
 Yara's Violent Unravell  Hex/Tmut       ###.......   22%         4    None
 Confuse                  Hex            ###.....     26%         3    None
 Lee's Rapid Deconstruct  Erth           ###.......   43%         5    None
 Petrify                  Tmut/Erth      ###.......   58%         4    None
 Mana Rupture             Conj/Hex       #####.....   88%         7    None
 Metabolic Englaciation   Hex/Ice        ###.......   93%         5    None


Dungeon Overview and Level Annotations

Branches:
Dungeon (11/12)            Temple (0/1) D:6            Lair (0/6) D:8
    Orc (0/1) D:11
 Vaults: D:11-12

Altars:
Cheibriados
Dithmenos
Gozag
Hepliaklqana
Qazlal
Ru
Trog
Uskayaw
Vehumet
Wu Jian

Annotations:
D:3 1 runed translucent door, TadNeurotic's ghost, amateur OpRg
D:7 1 runed translucent door, yrara's ghost, novice DsFi
D:8 exclusion: statue
D:11 Jorgrun


Innate Abilities, Weirdness & Mutations

Your spells do not cause hunger and MP costs are reduced by 1.
Your bright wings attract enemies. (Stealth-)
You cannot fit into any form of body armour.
Your shimmering scales are hard and can block incoming attacks. (AC +7, SH +7)
You are small and have problems with some larger weapons.
You can fly continuously.


Message History

Unknown command.
Unknown command.
Unknown command.
Unknown command.
Unknown command.
Unknown command.
Unknown command.
Okay, then.
Attempting to read a scroll while constricted might waste it - continue anyway?
Okay, then.
Unknown command.
Unknown command.
Unknown command.
Okay, then.
Unknown command.
Attempting to read a scroll while constricted might waste it - continue anyway?
As you read the scroll of fear, it crumbles to dust.
You assume a fearsome visage.
Jorgrun resists with almost no effort.
Jorgrun zaps a wand.
You resist with almost no effort.
You die...

# #..........
######.###......#
................###
###................ #
#..............# # #
###...##.........#.#.#
..........##.....#...###
......##...............#
####..##..##....@# #
#..##........g#
####..##..######.#
......##..# #.#
##.##.##..# ...
##.##.##... ...
........... ......###
.#.##..##.# ##.#......
.# # ....E ........


You could see Jorgrun.

Vanquished Creatures
  A hydra (D:10)
  A two-headed ogre (D:10)
  2 centaur warriors
  A tengu warrior (D:8)
  2 unseen horrors
  A cyclops (D:10)
  A deep elf mage (D:11)
  An elephant (D:7)
  An elephant (shapeshifter) (D:10)
  A gargoyle (D:9)
  A freezing wraith (D:9)
  A troll (D:10)
  Maurice (D:9)
  A meliai zombie (D:8)
  A hippogriff (D:6)
  A shadow (D:11)
  A wraith (D:10)
  2 basilisks (D:10)
  6 yaks (D:10)
  A hungry ghost (D:5)
  3 orc warriors
  6 sky beasts
  An ice beast (D:7)
  3 phantoms
  5 ogres
  2 necrophages
  7 centaurs
  2 big kobolds
  6 bullfrogs
  2 wyvern zombies (D:8)
  4 scorpions
  A troll zombie (D:11)
  3 killer bees (D:10)
  8 wights
  3 howler monkeys
  7 crimson imps
  6 centaur zombies
  6 hounds
  Crazy Yiuf (D:2)
  7 orc priests
  3 centaur skeletons
  Terence (D:3)
  11 orc wizards
  10 worker ants
  5 ogre zombies (D:11)
  A hound zombie (D:7)
  A hound skeleton (D:4)
  A worker ant zombie (D:8)
  5 adders
  3 shadow imps
  An ooze (D:4)
  2 adder skeletons (D:7)
  5 worms
  A dart slug (D:3)
  6 leopard geckos
  38 orcs
  2 giant cockroaches (D:1)
  12 goblins
  8 hobgoblins
  12 jackals
  4 quokkas
  9 bats
  15 frilled lizards
  4 goblin zombies (D:11)
  A hobgoblin skeleton (D:11)
  2 hobgoblin zombies (D:11)
  12 kobolds
  4 orc skeletons (D:11)
  14 orc zombies (D:11)
  A quokka skeleton (D:4)
  8 rats
  A spectral goblin (D:4)
314 creatures vanquished.

Vanquished Creatures (others)
  A centaur zombie (D:11)
  A howler monkey zombie (D:5)
2 creatures vanquished.

Grand Total: 316 creatures vanquished

Notes
Turn   | Place    | Note
-------+----------+-------------------------------------------
     0 | D:1      | Morbidden the Fairy Archaeologist began the quest for the
                  | Orb.
     0 | D:1      | Reached XP level 1. HP: 12/12 MP: 3/3
   100 | D:1      | Reached skill level 1 in Maces & Flails
   219 | D:1      | Reached XP level 2. HP: 11/18 MP: 4/4
   513 | D:1      | Reached XP level 3. HP: 18/22 MP: 5/5
   516 | D:1      | Reached skill level 1 in Fighting
  1027 | D:2      | Reached skill level 5 in Dodging
  1336 | D:2      | Found a radiant altar of Vehumet.
  1342 | D:2      | Became a worshipper of Vehumet
  1687 | D:2      | Reached XP level 4. HP: 28/28 MP: 6/6
  1921 | D:2      | Found a shadowy altar of Dithmenos.
  2157 | D:2      | Found a runed door.
  2161 | D:2      | Noticed Crazy Yiuf
  2167 | D:2      | Killed Crazy Yiuf
  2168 | D:2      | Reached skill level 1 in Short Blades
  2334 | D:3      | Noticed Terence
  2342 | D:3      | Killed Terence
  2343 | D:3      | Reached skill level 1 in Shields
  2343 | D:3      | Reached XP level 5. HP: 29/33 MP: 8/8
  2343 | D:3      | Identified a scroll of acquirement
  2347 | D:3      | Identified the +1 cloak of Vexation {+Fly rC+} (You
                  | acquired it on level 3 of the Dungeon)
  2451 | D:3      | Found a sacrificial altar of Ru.
  2908 | D:3      | Found a runed translucent door.
  2908 | D:3      | Noticed a bullfrog
  2915 | D:3      | Noticed TadNeurotic's ghost (amateur OpRg)
  2925 | D:3      | Reached * piety under Vehumet
  2925 | D:3      | Offered knowledge of Magic Dart by Vehumet.
  2932 | D:3      | Reached skill level 1 in Spellcasting
  2946 | D:3      | Reached XP level 6. HP: 15/39 MP: 9/9
  2948 | D:3      | Learned a level 1 spell: Magic Dart
  3315 | D:4      | Noticed a sky beast
  3326 | D:4      | Noticed a sky beast
  3361 | D:4      | Noticed an orc warrior
  3377 | D:4      | Killed an orc warrior
  3378 | D:4      | Reached skill level 1 in Polearms
  3433 | D:4      | Killed a sky beast
  3434 | D:4      | Reached skill level 2 in Spellcasting
  3434 | D:4      | Reached skill level 1 in Conjurations
  3434 | D:4      | Reached XP level 7. HP: 10/45 MP: 10/12
  3589 | D:4      | Reached skill level 1 in Staves
  3929 | D:4      | Found a hazy altar of Hepliaklqana.
  4136 | D:5      | Entered Level 5 of the Dungeon
  4193 | D:5      | Reached XP level 8. HP: 37/51 MP: 14/14
  4256 | D:5      | Reached skill level 3 in Spellcasting
  4349 | D:5      | Reached ** piety under Vehumet
  4372 | D:5      | Offered knowledge of Sandblast by Vehumet.
  4395 | D:5      | Found an ornate altar of the Wu Jian Council.
  4406 | D:5      | Reached skill level 4 in Spellcasting
  4439 | D:5      | Found a bloodstained altar of Trog.
  4439 | D:5      | Found a hide-covered altar of Uskayaw.
  4440 | D:5      | Found an opulent altar of Gozag.
  4562 | D:5      | Found a stormy altar of Qazlal.
  4792 | D:5      | Reached skill level 5 in Spellcasting
  5423 | D:6      | Found a staircase to the Ecumenical Temple.
  5455 | D:6      | Identified the +0 pair of boots of the Past {rElec rPois}
                  | (You acquired it on level 6 of the Dungeon)
  5455 | D:6      | Identified the ring of Daokol {rPois rC++ Int+3} (You
                  | acquired it on level 6 of the Dungeon)
  5455 | D:6      | Identified the Almanac of the Glacier and Ignition (You
                  | acquired it on level 6 of the Dungeon)
  5499 | D:6      | Noticed a hippogriff
  5511 | D:6      | Killed a hippogriff
  5512 | D:6      | Reached skill level 5 in Conjurations
  5512 | D:6      | Reached XP level 9. HP: 53/57 MP: 19/19
  5546 | D:6      | Reached skill level 6 in Spellcasting
  5559 | D:6      | Offered knowledge of Mephitic Cloud by Vehumet.
  6027 | D:6      | Reached skill level 7 in Spellcasting
  6159 | D:6      | Reached *** piety under Vehumet
  6450 | D:7      | Found a snail-covered altar of Cheibriados.
  6686 | D:7      | Found a runed translucent door.
  6686 | D:7      | Noticed yrara's ghost (novice DsFi)
  6852 | D:7      | Reached skill level 8 in Spellcasting
  7192 | D:7      | Reached skill level 5 in Shields
  7287 | D:7      | Reached XP level 10. HP: 63/63 MP: 24/24
  7337 | D:7      | Offered knowledge of Sticky Flame by Vehumet.
  7521 | D:7      | Reached skill level 9 in Spellcasting
  7678 | D:8      | Noticed an elephant
  7706 | D:7      | Killed an elephant
  7748 | D:8      | Found a staircase to the Lair.
  7916 | D:7      | Learned a level 4 spell: Sticky Flame
  8479 | D:9      | Noticed a tengu warrior
  8481 | D:9      | Reached skill level 1 in Fire Magic
  8481 | D:9      | Noticed a centaur warrior
  8497 | D:8      | Killed a tengu warrior
  8498 | D:8      | Reached skill level 1 in Long Blades
  8513 | D:9      | Noticed a gargoyle
  8536 | D:9      | Killed a centaur warrior
  8537 | D:9      | Reached skill level 5 in Fighting
  8537 | D:9      | Reached skill level 10 in Spellcasting
  8537 | D:9      | Reached XP level 11. HP: 55/71 MP: 27/27
  8621 | D:9      | Reached **** piety under Vehumet
  8626 | D:9      | Learned a level 3 spell: Stone Arrow
  8666 | D:9      | Noticed Maurice
  8681 | D:9      | Killed Maurice
  8778 | D:9      | Reached skill level 10 in Dodging
  9032 | D:9      | Learned a level 2 spell: Searing Ray
  9036 | D:9      | Learned a level 3 spell: Iskenderun's Mystic Blast
  9069 | D:10     | Entered Level 10 of the Dungeon
  9069 | D:10     | Noticed a fire crab
  9221 | D:10     | Offered knowledge of Fireball by Vehumet.
  9232 | D:10     | Learned a level 5 spell: Fireball
  9294 | D:10     | Noticed an unseen horror
  9295 | D:10     | Killed an unseen horror
  9437 | D:10     | Noticed a six-headed hydra
  9459 | D:10     | Killed a six-headed hydra
  9573 | D:10     | Noticed a two-headed ogre
  9581 | D:10     | Killed a two-headed ogre
  9582 | D:10     | Reached skill level 11 in Spellcasting
  9827 | D:10     | Noticed a cyclops
  9879 | D:10     | Killed a cyclops
 10092 | D:10     | Reached skill level 10 in Conjurations
 10188 | D:10     | Reached XP level 12. HP: 78/78 MP: 19/29
 10338 | D:11     | Noticed a centaur warrior
 10342 | D:11     | Killed a centaur warrior
 10343 | D:11     | Reached ***** piety under Vehumet
 10346 | D:11     | Offered knowledge of Throw Icicle by Vehumet.
 10418 | D:11     | Noticed Jorgrun
 10668 | D:11     | Found a staircase to the Orcish Mines.
 10756 | D:11     | Reached skill level 12 in Spellcasting
 10927 | D:11     | Mangled by Jorgrun

Skill      XL: |  1  2  3  4  5  6  7  8  9 10 11 12 |
---------------+-------------------------------------+-----
Maces & Flails | 1 |  1.2
Fighting       | 1 2 3 4 5 6 |  6.2
Dodging        | 5 6 7 8 9 10 | 10.9
Short Blades   | 1 |  1.1
Shields        | 1 2 3 4 5 6 7 |  7.2
Spellcasting   | 1 2 5 8 10 11 12 | 12.0
Polearms       | 1 2 |  2.5
Conjurations   | 1 2 5 6 8 10 | 10.6
Staves         | 2 |  2.0
Stealth        | 3 |  3.7
Fire Magic     | 2 3 4 |  4.9
Long Blades    | 1 2 |  2.7
Earth Magic    | |  0.6

Action                   |  1- 3 |  4- 6 |  7- 9 | 10-12 || total
-------------------------+-------+-------+-------+-------++-------
Melee: Whip              |   101 |       |       |       ||   101
       Dagger            |   224 |       |       |       ||   224
       Spear             |    13 |   208 |   113 |    84 ||   418
       Staff             |       |       |     1 |       ||     1
       Scimitar          |       |       |       |   121 ||   121
 Cast: Magic Dart        |       |     6 |   440 |   164 ||   610
       Sticky Flame      |       |       |       |    31 ||    31
       Fireball          |       |       |       |    92 ||    92
       Stone Arrow       |       |       |       |    22 ||    22
       Iskenderun's Myst |       |       |       |    11 ||    11
       Searing Ray       |       |       |       |    11 ||    11
  Use: Scroll            |     1 |     9 |     4 |     4 ||    18
       Potion            |       |     2 |       |     1 ||     3
 Stab: Sleeping          |       |       |     1 |       ||     1
  Eat: Chunk             |    11 |    11 |    15 |    17 ||    54
       Ration            |       |       |     1 |     1 ||     2
Armor: Skin              |    67 |    38 |    62 |    79 ||   246
Dodge: Dodged            |   352 |    92 |   133 |   176 ||   753
Block: Other             |    62 |     3 |    13 |       ||    78
       Buckler           |       |   108 |   156 |   292 ||   556
